 Dungeon Crawl Stone Soup version 0.14-a0-19-g3ffea20 (webtiles) character file.

752 PolkaDot the Covert (level 7, -2/49 HPs)
             Began as a Vampire Assassin on Sept 25, 2013.
             Slain by a giant frog (7 damage)
             ... on Level 5 of the Dungeon.
             The game lasted 00:14:17 (3519 turns).

PolkaDot the Covert (Vampire Assassin)              Turns: 3519, Time: 00:14:17

HP  -2/49        AC  3     Str  9 (10) XL: 7   Next:  9%
MP   6/6         EV 14     Int 13      God:
Gold 194         SH  0     Dex 13 (15) Spells:  0 memorised,  6 levels left

Res.Fire  : . . .   See Invis. : +   o - +2,+0 elf dagger (elec) (curse)
Res.Cold  : . . .   Warding    : .   c - +0 robe
Life Prot.: . . .   Conserve   : .   (no shield)
Res.Poison: .       Res.Corr.  : .   (no helmet)
Res.Elec. : .       Clarity    : +   d - +0 cloak
Sust.Abil.: . .     Spirit.Shd : .   (no gloves)
Res.Mut.  : .       Stasis     : .   (no boots)
Res.Rott. : .       Flight     : .   (no amulet)
Saprovore : . . .                    (no ring)
                                     (no ring)

@: regenerating quickly, slightly resistant to hostile enchantments, very
stealthy
A: bottle blood, fangs 3, see invisible, clarity, -10% mp, spit poison 1,
unbreathing, Dex -2
a: Spit Poison, Bottle Blood


You were on level 5 of the Dungeon.
You were very full.

You visited 1 branch of the dungeon, and saw 5 of its levels.

You collected 144 gold pieces.

Inventory:

Hand weapons
 b - a +0 blowgun
 g - a +0,+0 sabre
 o - a cursed +2,+0 elven dagger of electrocution (weapon)
Missiles
 e - 30 poisoned needles
 f - 2 curare-tipped needles
Armour
 c - a +0 robe (worn)
 d - a +0 cloak (worn)
Magical devices
 j - a wand of teleportation (0) {unknown}
 k - a wand of cold (7) {unknown}
 u - a wand of confusion (8) {unknown}
Scrolls
 h - a scroll of remove curse {unknown}
 l - 2 scrolls of fog
 m - 2 scrolls of identify
 q - 2 scrolls of curse weapon
Potions
 p - a potion of brilliance


   Skills:
 - Level 1.7 Fighting
 + Level 5.2 Short Blades
 - Level 1.5 Throwing
 + Level 4.7 Dodging
 + Level 9.0 Stealth


You had 6 spell levels left.
You didn't know any spells.

Dungeon Overview and Level Annotations

Branches:
Dungeon (5/27)
 Temple: D:4-7

Altars:


Innate Abilities, Weirdness & Mutations

Your natural rate of healing is unusually fast.
You can bottle blood from corpses.
You have razor-sharp teeth.*
You have supernaturally acute eyesight.
You can survive without breathing.*
You possess an exceptional clarity of mind.+ You are clumsy. (Dex -2)
Your magical capacity is low (-10% MP).+ You can spit poison.+


Message History

* * * LOW HITPOINT WARNING * * *
The orc priest completely misses you.
The giant frog hits you but does no damage.
You hit the orc priest.
There is a sudden explosion of sparks!
You kill the orc priest!
Your Stealth skill increases to level 9!
The giant frog misses you.
Things that are here:
an orcish club; an orcish robe; an orc corpse You closely miss the giant frog.
The giant frog hits you but does no damage.
You barely miss the giant frog. The giant frog hits you.
* * * LOW HITPOINT WARNING * * *
The giant frog hits you.
* * * LOW HITPOINT WARNING * * *
You hit the giant frog but do no damage.
There is a sudden explosion of sparks!
The giant frog is severely wounded.
The giant frog hits you!
You die...

#+############
.............#
........F@...#
............#
................
............#...
.<.........# ..
..........#
../......#
........# ###


You could see a giant frog.

Vanquished Creatures
  2 phantoms
  2 orc priests
  4 orc wizards (D:4)
  A worker ant (D:4)
  Jessica (D:3)
  8 adders
  A giant mite (D:2)
  3 worms
  4 giant geckos
  3 oozes
  7 orcs
  7 hobgoblins
  2 jackals (D:2)
  7 kobolds
  3 quokkas
  2 ball pythons
  8 bats
  6 giant cockroaches
  3 giant newts
  2 goblins
  14 rats
  A rat skeleton (D:4)
91 creatures vanquished.

Notes
Turn   | Place    | Note
--------------------------------------------------------------
     0 | D:1      | PolkaDot, the Vampire Assassin, began the quest for the Orb.
     0 | D:1      | Reached XP level 1. HP: 15/15 MP: 1/1
     6 | D:1      | Noticed a black mamba
     6 | D:1      | Noticed an iguana
     6 | D:1      | Noticed a swamp drake
    79 | D:1      | Reached skill level 6 in Stealth
   141 | D:1      | Reached XP level 2. HP: 19/21 MP: 2/2
   868 | D:2      | Gained mutation: You possess an exceptional clarity of mind. [potion of mutation]
  1088 | D:2      | Reached XP level 3. HP: 24/26 MP: 3/3
  1427 | D:2      | Reached XP level 4. HP: 13/32 MP: 4/4
  1625 | D:3      | Reached skill level 7 in Stealth
  1836 | D:3      | Noticed Jessica
  1891 | D:3      | Noticed a phantom
  1907 | D:3      | Killed a phantom
  1907 | D:3      | Reached XP level 5. HP: 28/38 MP: 5/5
  1944 | D:3      | Gained mutation: You can spit poison. [potion of beneficial mutation]
  1953 | D:3      | Killed Jessica
  2321 | D:4      | Reached skill level 8 in Stealth
  2430 | D:4      | Reached XP level 6. HP: 44/44 MP: 6/6
  2449 | D:4      | Gained mutation: Your magical capacity is low (-10% MP). [potion of mutation]
  2449 | D:4      | Gained mutation: You are clumsy. (Dex -2) [potion of mutation]
  3285 | D:4      | Noticed a phantom
  3294 | D:4      | Killed a phantom
  3294 | D:4      | Reached skill level 5 in Short Blades
  3294 | D:4      | Reached XP level 7. HP: 49/49 MP: 6/6
  3504 | D:5      | Entered Level 5 of the Dungeon
  3515 | D:5      | Reached skill level 9 in Stealth
  3519 | D:5      | Slain by a giant frog

Action                   |  1- 3 |  4- 6 |  7- 9 || total
-------------------------+-------+-------+-------++-------
Melee: Dagger            |   103 |   201 |    16 ||   320
       Sabre             |       |    12 |       ||    12
Evoke: Wand              |       |     1 |       ||     1
  Use: Potion            |     3 |    10 |     2 ||    15
       Scroll            |     1 |       |     3 ||     4
 Stab: Sleeping          |    13 |    11 |     1 ||    25
       Distracted        |     1 |       |       ||     1
